 Dungeon Crawl Stone Soup version 0.30-a0-3-gc9032a9cac (webtiles) character file.

Game seed: 4423402230849232272

112 BritishOli the Trooper (level 4, 0/37 HPs)
             Began as a Demonspawn Fighter on Aug 20, 2022.
             Slain by Crazy Yiuf
             ... wielding a +2 quarterstaff of chaos
              (13 damage)
             ... on level 3 of the Dungeon.
             The game lasted 00:02:53 (3137 turns).

BritishOli the Trooper (Demonspawn Fighter)         Turns: 3137, Time: 00:02:54

Health: 0/37       AC:  9    Str: 18    XL:     4   Next: 64%
Magic:  4/4        EV:  9    Int:  9    God:
Gold:   99         SH:  5    Dex: 13    Spells: 3/3 levels left

rFire   . . .      SeeInvis .    a - +0 long sword
rCold   . . .      Faith    .    c - +0 buckler
rNeg    . . .      Spirit   .    b - +0 scale mail
rPois   .          Reflect  .    p - +1 hat
rElec   .          Harm     .    (no cloak)
rCorr   .          Rampage  .    (no gloves)
Will    .....                    g - +0 pair of boots
Stlth   ..........               (no amulet)
HPRegen 0.12/turn                (no ring)
MPRegen 0.09/turn                (no ring)

@: lethally poisoned (0 -> -7)
A: weakness stinger 1
a: no special abilities


You were on level 3 of the Dungeon.
You visited 1 branch of the dungeon, and saw 3 of its levels.

You collected 99 gold pieces.

Inventory:

Hand Weapons
 a - a +0 long sword (weapon)
Armour
 b - a +0 scale mail (worn)
 c - a +0 buckler (worn)
 g - a +0 pair of boots (worn)
 p - a +1 hat (worn)
Scrolls
 f - a scroll of summoning {unknown}
 h - a scroll of fog {unknown}
 j - 2 scrolls of vulnerability {unknown}
 n - 3 scrolls of identify {unknown}
 o - a scroll of teleportation {unknown}
Potions
 d - a potion of might
 e - 2 potions of flight {unknown}
 i - a potion of haste {unknown}
 k - 3 potions of lignification {unknown}
 l - 2 potions of heal wounds {unknown}
 m - a potion of attraction {unknown}
 q - a potion of curing
 r - a potion of berserk rage {unknown}
 s - 3 potions of cancellation {unknown}


   Skills:
 + Level 3.7 Fighting
 + Level 2.7 Long Blades
 + Level 3.4 Armour
 + Level 3.3 Shields


You had 3 spell levels left.
You didn't know any spells.
Your spell library contained the following spells:

 Spells                   Type           Power      Damage    Failure   Level
 Sandblast                Erth           0%         2d4       86%         1
 Passwall                 Tmut/Erth      0%         N/A       94%         2
 Stone Arrow              Conj/Erth      0%         3d7       99%         3


Dungeon Overview and Level Annotations

Branches:
Dungeon (3/15)

Altars:
Qazlal
Vehumet

Shops:
D:1 (

Annotations:
D:2 Sigmund
D:3 Crazy Yiuf


Innate Abilities, Weirdness & Mutations

You have a small tail.


Message History

There is a stone staircase leading up here.
You see here a staff of poison.
Found two hammers.
No target in view!
Found a hammer.
You see here a +0 hammer.
Found seven hammers.
Found a runed translucent door.
You see here a +0 hammer.
No target in view!
Found a hammer.
You see here a +0 hammer.
No target in view!
No target in view!
You see here a +0 hammer.
Found three hammers.
You see here a +0 hammer.
You aren't carrying any items that you can evoke.
Unknown command.
As you open the door, it creaks loudly!
Crazy Yiuf waves his quarterstaff at you.
You closely miss Crazy Yiuf.
Crazy Yiuf hits you with a +2 quarterstaff of chaos!
You hit Crazy Yiuf.
Your tail-slap misses Crazy Yiuf.
Crazy Yiuf is lightly wounded.
Crazy Yiuf hits you with a +2 quarterstaff of chaos.
You are poisoned.
You slash Crazy Yiuf!
Your tail-slap misses Crazy Yiuf.
Crazy Yiuf is heavily wounded.
You feel very sick. Crazy Yiuf misses you. You block Crazy Yiuf's attack.
You hit Crazy Yiuf.
Crazy Yiuf is severely wounded.
You feel very sick. Crazy Yiuf closely misses you.
You closely miss Crazy Yiuf.
Crazy Yiuf is severely wounded.
You feel sick.
Crazy Yiuf whimpers, "East agre Hive!"
Crazy Yiuf hits you with a +2 quarterstaff of chaos!
You die...

#.#####....# #########.##
#....# #...|......# ♣....♣
#<########.# ♣♣.♣)♣
..########.# ♣♣)♣♣
##....[....# ♣♣)♣
##.#######.# ♣)♣♣ ...#
#...# ♣♣)♣ #### #.### ♣@♣♣
#.# #g# #.# ))) #.# #)))#
#.# #).)# ########.# #####
.........# #######..#####
#######..#...#############


You could see Crazy Yiuf.

Vanquished Creatures
  Natasha (twice) (D:3)
  3 adders (D:2)
  A worm (D:2)
  A dart slug (D:2)
  An orc (D:3)
  3 ball pythons
  3 bats
  5 endoplasms (D:1)
  A giant cockroach (D:2)
  3 goblins
  3 hobgoblins
  A kobold (D:3)
  A quokka (D:2)
  A frilled lizard (D:2)
  A rat (D:3)
30 creatures vanquished.

Notes
Turn   | Place    | Note
-------+----------+-------------------------------------------
     0 | D:1      | BritishOli the Demonspawn Fighter began the quest for the
                  | Orb.
     0 | D:1      | Reached XP level 1. HP: 18/18 MP: 1/1
    47 | D:1      | Found Diovveo's Weapon Shoppe.
   406 | D:1      | Discovered your monstrous ancestry.
   406 | D:1      | Gained mutation: You have a small tail. [demonic ancestry]
   406 | D:1      | Reached XP level 2. HP: 16/24 MP: 2/2
   946 | D:2      | HP: 1/24 [worm (9)]
  1303 | D:2      | Reached XP level 3. HP: 24/29 MP: 3/3
  1416 | D:2      | Noticed Sigmund
  1440 | D:2      | HP: 1/29 [something/magic dart (9)]
  2485 | D:3      | Found a stormy altar of Qazlal.
  2526 | D:3      | Noticed Natasha
  2534 | D:3      | Killed Natasha
  2535 | D:3      | Reached XP level 4. HP: 26/36 MP: 4/4
  2654 | D:3      | Found a radiant altar of Vehumet.
  2747 | D:3      | Noticed Natasha
  2764 | D:3      | Killed Natasha
  3128 | D:3      | Found a runed translucent door.
  3129 | D:3      | Noticed Crazy Yiuf
  3137 | D:3      | Slain by Crazy Yiuf

Illustrated notes

Levels and vault maps discovered:
D:1:      spicycebolla_arrival_ecumenical, layout_loops_cross, serial_shops,
          shop_fountains, minmay_door_square
D:2:      layout_rooms, uniq_sigmund
D:3:      layout_loops_ring, lemuel_tele_altar, nicolae_qazlal_eye_of_the_storm,
          uniq_crazy_yiuf_cottage, uniq_natasha

Skill      XL: |  1  2 |
---------------+-------+-----
Long Blades    | 2 |  2.7
Armour         | 3 |  3.4
Shields        | 3 |  3.3
Fighting       | |  3.7

Action                   |  1- 3 |  4- 6 || total
-------------------------+-------+-------++-------
Melee: Long sword        |    81 |    25 ||   106
       Tailslap          |     8 |     4 ||    12
Armor: Scale mail        |    31 |     9 ||    40
Dodge: Dodged            |    36 |    13 ||    49
Block: Buckler           |    16 |     3 ||    19

Table legend: (Time is in decaauts)
 A = Elapsed time spent in this place.
 B = Non-inter-level travel time spent in this place.
 C = Inter-level travel time spent in this place.
 D = Time resting spent in this place.
 E = Time spent auto-exploring this place.
 F = Levels seen in this place.
 G = Mean time per level.
                   A        B        C        D        E       F      G
               +--------+--------+--------+--------+--------+-----+--------+
         Total |   3172 |   3051 |    121 |   1187 |   1483 |   3 | 1057.3 |
       Dungeon |   3172 |   3051 |    121 |   1187 |   1483 |   3 | 1057.3 |
               +--------+--------+--------+--------+--------+-----+--------+

Top non-repeatable levels by time:
     D:1: 1367 daAuts
     D:2: 920 daAuts
     D:3: 884 daAuts
